 Dungeon Crawl Stone Soup version 0.31-a0-981-geadf994542 (webtiles) character file.

Game seed: 16502585414559865641

170 Conn the Sneak (level 5, -4/31 HPs)
             Began as an Octopode Fire Elementalist on Nov 1, 2023.
             Slain by an orc
             ... wielding a +0 flail
              (9 damage)
             ... on level 4 of the Dungeon.
             The game lasted 00:04:54 (2830 turns).

Conn the Sneak (Octopode Fire Elementalist)         Turns: 2830, Time: 00:04:57

Health: -4/31      AC:  1    Str:  7    XL:     5   Next: 50%
Magic:  18/18      EV: 13    Int: 20    God:
Gold:   280        SH:  0    Dex: 12    Spells: 3/9 levels left

rFire   . . .        e - +2 dagger (flame)
rCold   . . .        (no shield)
rNeg    . . .        (helmet restricted)
rPois   .            q - amulet of regeneration
rElec   .            c - ring of magical power
rCorr   .            (no ring)
SInv    .            (no ring)
Will    .....        (no ring)
Stlth   +++          (no ring)
HPRegen 1.05/turn    (no ring)
MPRegen 0.16/turn    (no ring)
                     (no ring)

%: no passive effects
@: no status effects
A: almost no armour, amphibious, 8 rings, camouflage 1, gelatinous body 1,
(nimble swimmer 1), tentacles
a: no special abilities


You were on level 4 of the Dungeon.
You visited 1 branch of the dungeon, and saw 4 of its levels.

You collected 280 gold pieces.

Inventory:

Hand Weapons
 d - a +0 mace
 e - a +2 dagger of flaming (weapon)
Jewellery
 c - a ring of magical power (left tentacle)
 q - an amulet of regeneration (around mantle)
Scrolls
 f - 3 scrolls of identify {unknown}
 i - a scroll of enchant weapon {unknown}
 k - 2 scrolls of noise {unknown}
 l - a scroll of enchant armour {unknown}
 m - 3 scrolls of blinking {unknown}
 p - a scroll of fog {unknown}
Potions
 a - 2 potions of magic
 b - 3 potions of lignification {unknown}
 g - 2 potions of might {unknown}
 h - a potion of brilliance {unknown}
 j - a potion of mutation {unknown}
 n - a potion of curing {unknown}
 o - 2 potions of attraction {unknown}
 r - 2 potions of heal wounds {unknown}
 s - a potion of haste {unknown}


   Skills:
 + Level 3.0 Dodging
 + Level 4.2 Stealth
 + Level 2.8 Spellcasting
 + Level 2.3 Conjurations
 + Level 3.7 Fire Magic


You had 3 spell levels left.
You knew the following spells:

 Your Spells              Type           Power      Damage    Failure   Level
a - Foxfire               Conj/Fire      60%        2x1d7     4%          1
b - Scorch                Fire           34%        2d6       4%          2
c - Inner Flame           Hex/Fire       10%        N/A       21%         3

Your spell library contained the following spells:

 Spells                   Type           Power      Damage    Failure   Level
 Static Discharge         Conj/Air       14%        3-4/arc   14%         2
 Volatile Blastmotes      Fire/Tloc      20%        2d11      21%         3
 Flame Wave               Conj/Fire      15%        2d7       38%         4
 Airstrike                Air            1%         2d(1-17)  82%         4
 Summon Lightning Spire   Summ/Air       2%         N/A       82%         4
 Summon Cactus Giant      Summ           1%         N/A       100%        6


Dungeon Overview and Level Annotations

Branches:
Dungeon (4/15)
 Temple: D:4-7

Altars:
Dithmenos
Nemelex Xobeh
Ru
Xom
Yredelemnul
The Shining One


Innate Abilities, Weirdness & Mutations

You cannot wear most types of armour.
You are amphibious.
You can wear up to eight rings at the same time.
Your skin changes colour to match your surroundings (Stealth+).
Your rubbery body absorbs attacks. (AC +1, EV +1)
((You are camouflaged when in or above water. (Stealth+)))
You have tentacles for arms and can constrict up to eight enemies at once.


Message History

There is an open door here.
There is an open door here.
There is an open door here.
f - 3 scrolls labelled MOINNE MECWU (gained 1)
g - 2 sedimented green potions (gained 1)
A hobgoblin comes into view.
The helpless hobgoblin fails to defend itself.
You puncture the hobgoblin! You burn the hobgoblin.
You kill the hobgoblin!
You see here a hobgoblin corpse.
An orc and an orc priest come into view.
An orc comes into view. It is wielding a +0 flail.
The orc shouts!
An orc comes into view. It is wielding a +0 hand axe.
The orc shouts!
You hit the orc priest but do no damage.
You grab the orc priest.
You constrict the orc priest, but do no damage.
The orc priest misses you.
You hit the orc priest. You burn the orc priest.
The orc priest is moderately wounded.
You constrict the orc priest, but do no damage.
The orc priest looks braver for a moment.
You hit the orc priest. You burn the orc priest.
The orc priest is heavily wounded.
You constrict the orc priest, but do no damage.
The orc priest closely misses you. The orc hits you with a +0 flail!
You hit the orc priest but do no damage.
The orc priest is heavily wounded.
You constrict the orc priest, but do no damage.
The orc priest completely misses you. The orc barely misses you.
The orc hits you with a +0 flail!
You hit the orc priest. You burn the orc priest.
The orc priest is severely wounded.
You constrict the orc priest.
The orc priest invokes the aid of Beogh against you.
Beogh smites you!
* * * LOW HITPOINT WARNING * * *
The orc hits you with a +0 flail!
You die...

#.....#...####.#.#..
#.#.#.#...####...###
#.....#...##........
#.....######.####.##
#†#.#.# #..#####.
#.....# #.'#.#.#'
#.....# ###..#..#
#.#.#.# #.._#_..
#.o@..# ########
#.oo..# .._#_..
#.#o#.# #..#..#
#.....# +#.#.#+
#.....# #### #.#.#.#
..... #.....#


You could see an orc priest and 3 orcs.

Vanquished Creatures
  A phantom (D:3)
  A hound (D:3)
  An adder (D:3)
  A worm (D:2)
  3 dart slugs
  2 bats
  8 endoplasms
  2 giant cockroaches
  3 goblins
  10 hobgoblins
  A kobold (D:1)
  2 quokkas
  4 ball pythons
  2 frilled lizards
  4 rats
45 creatures vanquished.

Vanquished Creatures (others)
  79 foxfires
79 creatures vanquished.

Grand Total: 124 creatures vanquished

Notes
Turn   | Place    | Note
-------+----------+-------------------------------------------
     0 | D:1      | Conn the Octopode Fire Elementalist began the quest for the
                  | Orb.
     0 | D:1      | Reached XP level 1. HP: 11/11 MP: 3/3
   231 | D:1      | Reached XP level 2. HP: 17/17 MP: 5/5
   255 | D:1      | Reached skill level 3 in Stealth
   912 | D:2      | Reached XP level 3. HP: 21/21 MP: 0/6
   915 | D:2      | Learned a level 2 spell: Scorch
   919 | D:2      | Learned a level 3 spell: Inner Flame
  1696 | D:3      | Found a sacrificial altar of Ru.
  2053 | D:3      | Reached XP level 4. HP: 27/27 MP: 7/7
  2212 | D:3      | Noticed a phantom
  2221 | D:3      | Killed a phantom
  2222 | D:3      | Reached skill level 4 in Stealth
  2222 | D:3      | Reached XP level 5. HP: 26/31 MP: 2/9
  2705 | D:4      | Found a sparkling altar of Nemelex Xobeh.
  2748 | D:4      | Found a shadowy altar of Dithmenos.
  2748 | D:4      | Found a glowing golden altar of the Shining One.
  2749 | D:4      | Found a shimmering altar of Xom.
  2780 | D:4      | Found a basalt altar of Yredelemnul.
  2830 | D:4      | Slain by an orc

Illustrated notes

Levels and vault maps discovered:
D:1:      dpeg_arrival_simpleton_c, layout_loops_corners, serial_forest,
          infiniplex_forest_clump_curved, infiniplex_forest_lined_3,
          infiniplex_forest_clump_tiny, infiniplex_forest_lined_2,
          infiniplex_forest_clump_double, infiniplex_forest_straight_3
D:2:      layout_basic, nicolae_concentric_dashed_squares_wild
D:3:      layout_loops_corners, nicolae_overflow_crystal_walls
D:4:      layout_basic, amcnicky_altar_gilded,
          nicolae_overflow_quartered_altars, fiery_altar_vehumet,
          hellmonk_ghost_happy_afterlife, eino_small_chamber_without_monster,
          columned_hall_lemuel

Skill      XL: |  1  2  3  4 |
---------------+-------------+-----
Stealth        | 3 4 |  4.2
Conjurations   | 2 |  2.3
Dodging        | 3 |  3.0
Spellcasting   | |  2.8
Fire Magic     | |  3.7

Action                     |  1- 3 |  4- 6 || total
---------------------------+-------+-------++-------
  Melee: Dagger            |    41 |    10 ||    51
         Tentacles         |     8 |     2 ||    10
         Constrict         |     7 |     2 ||     9
         Unarmed           |     1 |       ||     1
         Punch             |     1 |       ||     1
   Cast: Foxfire           |    30 |    13 ||    43
   Stab: Sleeping          |     8 |     2 ||    10
 Armour: Skin              |    11 |     5 ||    16
  Dodge: Dodged            |    15 |     8 ||    23

Table legend: (Time is in decaauts)
 A = Elapsed time spent in this place.
 B = Non-inter-level travel time spent in this place.
 C = Inter-level travel time spent in this place.
 D = Time resting spent in this place.
 E = Time spent auto-exploring this place.
 F = Levels seen in this place.
 G = Mean time per level.
                   A        B        C        D        E       F      G
               +--------+--------+--------+--------+--------+-----+--------+
         Total |   2827 |   2710 |    117 |      0 |   2191 |   4 |  706.8 |
       Dungeon |   2827 |   2710 |    117 |      0 |   2191 |   4 |  706.8 |
               +--------+--------+--------+--------+--------+-----+--------+

Top non-repeatable levels by time:
     D:3: 1071 daAuts
     D:1: 880 daAuts
     D:2: 740 daAuts
     D:4: 135 daAuts
